 Dungeon Crawl Stone Soup version 0.31-a0-1025-g2e47921a08 (webtiles) character file.

Game seed: 12865774593555441773

55 kae the Vexing (level 3, -1/24 HPs)
             Began as a Demonspawn Enchanter on Nov 17, 2023.
             Slain by an orc
             ... wielding a +0 great mace
              (11 damage)
             ... on level 3 of the Dungeon.
             The game lasted 00:01:23 (1924 turns).

kae the Vexing (Demonspawn Enchanter)               Turns: 1924, Time: 00:01:23

Health: -1/24      AC:  6    Str: 10    XL:     3   Next: 67%
Magic:  4/6        EV: 12    Int: 16    God:
Gold:   123        SH:  0    Dex: 13    Spells: 4/6 levels left

rFire   + . .        a - +1 dagger
rCold   . . .        (no shield)
rNeg    . . .        b - +0 robe
rPois   .            e - +0 helmet
rElec   .            (no cloak)
rCorr   .            (no gloves)
SInv    .            m - +0 pair of boots
Will    .....        g - amulet of regeneration
Stlth   ++           L - ring of flight
HPRegen 1.04/turn    F - ring of protection from fire
MPRegen 0.10/turn

%: no passive effects
@: flying, very slightly contaminated
A: yellow scales 1, demonic touch 1
a: no special abilities


You were on level 3 of the Dungeon.
You visited 1 branch of the dungeon, and saw 3 of its levels.

You collected 123 gold pieces.


Innate Abilities, Weirdness & Mutations

You are partially covered in yellow scales. (AC +2)
Your touch may inflict minor irresistible damage on your foes.


   Skills:
 * Level 1.9 Short Blades
 - Level 1.7 Dodging
 + Level 3.0 Stealth
 + Level 2.4 Spellcasting
 + Level 3.3 Hexes
 * Level 1.0 Ice Magic


You had 4 spell levels left.
You knew the following spells:

 Your Spells              Type           Power      Damage    Failure   Level
a - Ensorcelled Hibernat  Hex/Ice        16%        N/A       12%         2

Your spell library contained the following spells:

 Spells                   Type           Power      Damage    Failure   Level
 Confusing Touch          Hex            12%        N/A       16%         3
 Tukima's Dance           Hex            12%        N/A       16%         3
 Apportation              Tloc           2%         N/A       21%         1
 Necrotise                Necr           4%         1d4       21%         1
 Summon Small Mammal      Summ           4%         N/A       21%         1
 Passwall                 Tmut/Erth      0%         N/A       30%         2
 Dazzling Flash           Conj/Hex       14%        N/A       30%         3
 Swiftness                Air            1%         N/A       52%         3

Inventory:

Hand Weapons
 a - a +1 dagger (weapon)
Missiles
 d - 8 stones
 f - 8 boomerangs
Armour
 b - a +0 robe (worn)
 e - a +0 helmet (worn)
   (You found it on level 1 of the Dungeon)
 m - a +0 pair of boots (worn)
   (You found it on level 2 of the Dungeon)
Jewellery
 g - an amulet of regeneration (around neck)
   (You found it on level 1 of the Dungeon)
 A - an amulet of the acrobat
   (You found it on level 2 of the Dungeon)
 F - a ring of protection from fire (right hand)
   (You found it on level 2 of the Dungeon)
 L - a ring of flight (left hand)
   (You found it on level 1 of the Dungeon)
Scrolls
 h - 2 scrolls of identify {unknown}
 j - 2 scrolls of amnesia {unknown}
 k - a scroll of fog {unknown}
 l - 2 scrolls of teleportation {unknown}
 n - a scroll of silence {unknown}
Potions
 c - 2 potions of invisibility
 i - a potion of enlightenment {unknown}
 o - a potion of attraction {unknown}
 p - a potion of lignification {unknown}
 q - a potion of might {unknown}
 r - a potion of haste {unknown}

Dungeon Overview and Level Annotations

Branches:
Dungeon (3/15) Zot: 16086

Altars:
Fedhas
Gozag

Shops:
D:2 (

Portals:
Abyss: D:3

Annotations:
D:2 Natasha
D:3 2 transporters, Azuregosa's ghost, weakling DgHW; Pargi

............#######..##......
###.....#..#.#........##.#.#..
........'..#.#.###+#####.....#
##.....#..#..##.....##......#
#.........###.......#......÷
#....._...###.......#...#...
#...........'...∩...'.#.##..
######....#o#.......#.......
##...#@#.......###..<##
#...####.....##...#.##
######.###'###..#.#...
#######<.....>..#.#...
#.......#...>...#.##.#
#.##.........#..#.##.#
#...............#.##..
####.......#.#....####
#.........#.######


You could see an orc.


Message History

No reachable target in view!
The quasit gives a chilling moan.
Azuregosa's ghost turns its malevolent gaze towards you.
Azuregosa's ghost frowns in concentration.
r - an emerald potion No reachable target in view!
No reachable target in view!
Found a one-way gate to the infinite horrors of the Abyss.
No reachable target in view!
No reachable target in view!
A rat comes into view.
A rat is nearby!
A rat is nearby!
A frilled lizard comes into view.
The frilled lizard moves out of view.
The helpless rat fails to defend itself.
You puncture the rat!
You kill the rat!
A frilled lizard is nearby!
No target in view!
The frilled lizard hisses angrily.
The frilled lizard bites you but does no damage.
You closely miss the frilled lizard. The frilled lizard bites you.
A frilled lizard is nearby! 😕 HP[-1]
You take 1 damage, and now have 23/24 hp.
The gnoll shouts!
You hit the frilled lizard.
You kill the frilled lizard!
No reachable target in view! 😎 HP[+1]
Your hp is fully restored (24).
An orc comes into view. It is wielding a +0 dagger.
The orc moves out of view.
No target in view!
No target in view!
No reachable target in view!
No reachable target in view!
An orc is nearby!
No reachable target in view!
No reachable target in view!
An orc is nearby!
Unknown command.
You reach down and open the door.
There is an open door here.
Found a stone staircase leading down.
There is a stone staircase leading down here.
A rat comes into view.
A rat is nearby!
A rat is nearby!
A rat is nearby!
A rat is nearby!
You hit the rat.
You kill the rat!
You see here a rat corpse.
As you open the door, it creaks loudly!
No target in view!
No target in view!
There is an open door here.
Key pressed, stopping explore.
No target in view!
No target in view!
You reach down and open the door.
There is an open door here.
There is an open door here.
Key pressed, stopping explore.
No target in view!
No target in view!
There is an open door here.
There is an open door here.
There is an open door here.
An orc comes into view. It is wielding a +0 great mace.
The orc shouts!
You hear a shout!
An orc comes into view. It is wielding a +1 dagger of draining.
There are monsters nearby!
There are monsters nearby!
Items here: ) ÷÷÷.
You hit the orc. The orc misses you.
You hit the orc.
You kill the orc!
You closely miss the orc. Your touch misses the orc.
An orc comes into view. It is wielding a +1 dagger of draining.
The orc hits you with a +0 great mace!
Ouch! That really hurt!
* * * LOW HITPOINT WARNING * * *
You are too injured to fight recklessly! 😨 HP[-15]
You take 15 damage, and now have 9/24 hp.
MASSIVE DAMAGE!! (PAUSE)
Casting: Ensorcelled Hibernation (safe; 12% risk of failure)
Confirm with . or Enter, or press ? or * to list all spells.
Aiming: Ensorcelled Hibernation (safe; 12% risk of failure)
Press: ? - help, Shift-Dir - straight line, f - orc
Aim: an orc, wielding a +0 great mace (chance to affect: 59%)
You miscast Ensorcelled Hibernation.
You are very lightly contaminated with residual magic.
Nothing appears to happen.
The orc shouts!
The orc hits you with a +0 great mace!
You die...

Skill      XL: |  1  2  3 |
---------------+----------+-----
Short Blades   | 1 |  1.9
Stealth        | 3 |  3.0
Ice Magic      | 1 |  1.0
Dodging        | |  1.7
Spellcasting   | |  2.4
Hexes          | |  3.3

Action                     || total
---------------------------++-------
  Melee: Dagger            ||   105
         Touch             ||    10
   Cast: Ensorcelled Hiber ||     1
   Stab: Sleeping          ||     6
 Armour: Robe              ||    54
  Dodge: Dodged            ||    60

Levels and vault maps discovered:
D:1:      wander_arrival_peaceful_grave, layout_loops_cross,
          hellmonk_ecumenical_altar_watching_god
D:2:      layout_basic, serial_shops, nicolae_shop_stone, basic_altar,
          uniq_natasha
D:3:      layout_basic, grunt_temple_overflow_forces_of_nature,
          nicolae_gozag_seed_capital, gammafunk_ghost_abyssal_escape,
          kennysheep_flooded_box, saegor_snake_ambush, uniq_pargi

Notes
Turn   | Place    | Note
-------+----------+-------------------------------------------
     0 | D:1      | kae the Demonspawn Enchanter began the quest for the Orb.
     0 | D:1      | Reached XP level 1. HP: 13/13 MP: 3/3
     0 | D:1      | magus.rc [v1.11.3]
    62 | D:1      | Reached skill level 1 in Short Blades
    63 | D:1      | You pick up a book of Cantrips and begin reading...
    63 | D:1      | You add the spells Necrotise, Summon Small Mammal and
                  | Apportation to your library.
   278 | D:1      | Gained mutation: Your touch may inflict minor irresistible
                  | damage on your foes. [demonic ancestry]
   278 | D:1      | Reached XP level 2. HP: 19/19 MP: 5/5
   324 | D:1      | Noticed a golden eye
   326 | D:1      | Found a faded altar of an unknown god.
   327 | D:1      | Noticed an eye of devastation
   327 | D:1      | Noticed a glass eye
   327 | D:1      | Noticed a golden eye
   666 | D:2      | Noticed Natasha
   675 | D:2      | Learned a level 2 spell: Ensorcelled Hibernation
   703 | D:2      | Found a blossoming altar of Fedhas.
  1195 | D:2      | You pick up a book of Burglary and begin reading...
  1195 | D:2      | You add the spells Passwall and Swiftness to your library.
  1240 | D:2      | Gained mutation: You are partially covered in yellow
                  | scales. (AC +2) [demonic ancestry]
  1240 | D:2      | Reached XP level 3. HP: 24/24 MP: 6/6
  1251 | D:2      | Found Fameo's Weapon Emporium.
  1553 | D:3      | Reached skill level 3 in Stealth
  1609 | D:3      | Found an opulent altar of Gozag.
  1650 | D:3      | Reached skill level 1 in Ice Magic
  1690 | D:3      | Found a transporter.
  1700 | D:3      | Noticed Pargi
  1724 | D:3      | Found a transporter.
  1724 | D:3      | Noticed a small abomination
  1724 | D:3      | Noticed Azuregosa's ghost (weakling DgHW)
  1729 | D:3      | Noticed a small abomination
  1735 | D:3      | Noticed an ancient zyme
  1737 | D:3      | Found a one-way gate to the infinite horrors of the Abyss.
  1924 | D:3      | Slain by an orc

Vanquished Creatures
  An adder (D:3)
  2 dart slugs
  An orc (D:3)
  5 endoplasms (D:2)
  3 giant cockroaches
  3 goblins
  3 hobgoblins (D:3)
  3 kobolds
  A quokka (D:3)
  2 ball pythons
  6 bats
  5 frilled lizards
  5 rats
40 creatures vanquished.

Table legend:
 A = Non-vault XP
 B = Vault XP
 C = Vault XP percentage of total XP
 D = Non-vault monster count
 E = Vault monster count
 F = Vault count percentage of total count
                 A         B        C        D         E       F
            +---------+---------+-------+---------+---------+-------
      Total |      79 |       0 |   0.0 |      40 |       0 |   0.0
            +---------+---------+-------+---------+---------+-------
        D:1 |      17 |       0 |   0.0 |      10 |       0 |   0.0
        D:2 |      26 |       0 |   0.0 |      15 |       0 |   0.0
        D:3 |      36 |       0 |   0.0 |      15 |       0 |   0.0
            +---------+---------+-------+---------+---------+-------

Skill      XL: |  1  2  3 |
---------------+----------+-----
Short Blades   | 1 |  1.9
Stealth        | 3 |  3.0
Ice Magic      | 1 |  1.0
Dodging        | |  1.7
Spellcasting   | |  2.4
Hexes          | |  3.3

Action                     || total
---------------------------++-------
  Melee: Dagger            ||   105
         Touch             ||    10
   Cast: Ensorcelled Hiber ||     1
   Stab: Sleeping          ||     6
 Armour: Robe              ||    54
  Dodge: Dodged            ||    60

Illustrated notes

Table legend:
 A = Kills in this place as a percentage of kills in the entire game.
 B = Kills by you in this place as a percentage of kills by you in the entire game.
 C = Kills by friends in this place as a percentage of kills by friends in the entire game.
 D = Other kills in this place as a percentage of other kills in the entire game.
 E = Experience gained in this place as a percentage of experience gained in the entire game.
 F = Experience gained in this place divided by the number of levels of this place that you have seen.
                   A       B       C       D       E      F
               +-------+-------+-------+-------+-------+----------------------
         Total | 100.0 | 100.0 |   N/A |   N/A | 100.0 |  26.3
       Dungeon | 100.0 | 100.0 |   N/A |   N/A | 100.0 |  26.3
               +-------+-------+-------+-------+-------+----------------------

Table legend: (Time is in decaauts)
 A = Elapsed time spent in this place.
 B = Non-inter-level travel time spent in this place.
 C = Inter-level travel time spent in this place.
 D = Time resting spent in this place.
 E = Time spent auto-exploring this place.
 F = Levels seen in this place.
 G = Mean time per level.
                   A        B        C        D        E       F      G
               +--------+--------+--------+--------+--------+-----+--------+
         Total |   1912 |   1853 |     59 |     60 |   1421 |   3 |  637.3 |
       Dungeon |   1912 |   1853 |     59 |     60 |   1421 |   3 |  637.3 |
               +--------+--------+--------+--------+--------+-----+--------+

Top non-repeatable levels by time:
     D:2: 910 daAuts
     D:1: 624 daAuts
     D:3: 378 daAuts
